 Dungeon Crawl Stone Soup version 0.23-a0-612-gcb482e9 (webtiles) character file.

86 Borgoz the Skirmisher (level 4, -1/40 HPs)
             Began as a Ghoul Abyssal Knight on Dec 22, 2018.
             Was a Believer of Lugonu.
             Slain by Robin
             ... wielding a +0 mace
              (4 damage)
             ... on level 2 of the Dungeon.
             The game lasted 00:02:14 (1123 turns).

Borgoz the Skirmisher (Ghoul Abyssal Knight)        Turns: 1123, Time: 00:02:15

Health: -1/40      AC:  3    Str: 15    XL:     4   Next: 50%
Magic:  5/5        EV: 11    Int:  7    God:    Lugonu [**....]
Gold:   86         SH:  0    Dex:  9    Spells: 3/3 levels left

rFire    . . .     SeeInvis .   a - +1 hand axe
rCold    + . .     Gourm    .   (no shield)
rNeg     + + +     Faith    .   b - +0 leather armour
rPois    ∞         Spirit   .   (no helmet)
rElec    .         Reflect  .   (no cloak)
rCorr    .         Harm     .   (no gloves)
MR       .....                  (no boots)
Stlth    +.........             (no amulet)
HPRegen  0.00/turn              (no ring)
MPRegen  0.09/turn              (no ring)

@: rotting
A: rotting body, claws 1, carnivore, cold resistance 1, negative energy
resistance 3, inhibited regeneration, torment resistance, unbreathing
a: Depart the Abyss, Bend Space, Renounce Religion


You were on level 2 of the Dungeon.
You worshipped Lugonu.
Lugonu was pleased with you.
You were not hungry.

You visited 1 branch of the dungeon, and saw 2 of its levels.
You visited the Abyss 1 time.

You collected 86 gold pieces.

Inventory:

Hand Weapons
 a - a +1 hand axe (weapon)
Armour
 b - a +0 leather armour (worn)
Jewellery
 e - a +5 ring of strength {unknown}
Scrolls
 f - a scroll of blinking {unknown}
 g - a scroll of fog {unknown}
 i - a scroll of identify {unknown}
 j - a scroll of enchant weapon {unknown}
Potions
 d - a potion of heal wounds {unknown}
 h - a potion of curing {unknown}
 k - a potion of flight {unknown}
Comestibles
 c - 3 rations
 l - 2 chunks of flesh


   Skills:
 + Level 3.8 Fighting
 + Level 2.3 Axes
 + Level 2.4 Armour
 + Level 1.7 Dodging
 + Level 2.8 Invocations


You had 3 spell levels left.
You didn't know any spells.
Your spell library was empty.

Dungeon Overview and Level Annotations

Branches:
Dungeon (2/15)

Altars:
Hepliaklqana
Makhleb

Annotations:
D:2 Robin


Innate Abilities, Weirdness & Mutations

Your body is rotting away.
You thrive on raw meat.
You are immune to poison.
You have sharp fingernails.
You are carnivorous and can eat meat at any time.
Your flesh is cold resistant. (rC+)
You are immune to negative energy. (rN+++)
You do not regenerate when monsters are visible.
You are immune to unholy pain and torment.
You can survive without breathing.


Message History

You hit Robin but do no damage.
Robin is almost dead.
Robin hits you with a +0 mace.
* * * LOW HITPOINT WARNING * * *
You closely miss Robin.
Robin is almost dead.
Robin says, "Duck!"
Robin closely misses you.
You hit Robin but do no damage.
Robin is almost dead.
Robin says, "Kneel, worm!"
Robin barely misses you.
You closely miss Robin.
Robin is almost dead.
Robin hits you with a +0 mace!
* * * LOW HITPOINT WARNING * * *
You hit Robin but do no damage.
Robin is almost dead.
Robin hits you with a +0 mace.
You die...

#......#
######.# ##
######.# #.
#...##.# #.
#####.((##.##
######.
#.).'...'...#
#...<#.
#.###...##..#
#.####)
#.##...g)#..#
#......
#.##.###@#..#
##.....#
#.##)# ######
#......+
#.##g#
#......#
#.##g#
#.[....#
#.#ggg
#.######
#..g.g. _..
##...#. ####
#...### #...#


You could see Robin.

Vanquished Creatures
  A hound (D:2)
  2 dart slugs
  A leopard gecko (D:2)
  3 bats
  19 goblins
  4 hobgoblins (D:2)
  5 jackals
  2 frilled lizards (D:2)
  7 kobolds
  3 rats
47 creatures vanquished.

Notes
Turn   | Place    | Note
-------+----------+-------------------------------------------
     0 | Abyss:1  | Borgoz the Ghoul Abyssal Knight began the quest for the
                  | Orb.
     0 | Abyss:1  | Reached XP level 1. HP: 19/19 MP: 1/1
    75 | Abyss:1  | Noticed a ynoxinul
    75 | Abyss:1  | Noticed a large abomination
    76 | D:1      | Escaped the Abyss
    93 | D:1      | Reached skill level 1 in Dodging
   189 | D:1      | Reached XP level 2. HP: 25/25 MP: 2/2
   366 | D:1      | Reached * piety under Lugonu
   776 | D:2      | Found a hazy altar of Hepliaklqana.
   786 | D:2      | Reached XP level 3. HP: 27/31 MP: 3/3
   888 | D:2      | Found a burning altar of Makhleb.
   911 | D:2      | Reached XP level 4. HP: 14/40 MP: 3/5
  1083 | D:2      | Noticed Robin
  1104 | D:2      | Reached ** piety under Lugonu
  1123 | D:2      | Slain by Robin

Vault maps used:
D:1:      lemuel_arrival_cross
D:2:      makhleb_blood_cavern_becter, overflow_temple_1_default,
          bh_walls_and_bars, uniq_robin

Skill      XL: |  1  2 |
---------------+-------+-----
Dodging        | 1 |  1.7
Armour         | 2 |  2.4
Axes           | 2 |  2.3
Fighting       | |  3.8
Invocations    | |  2.8

Action                   |  1- 3 |  4- 6 || total
-------------------------+-------+-------++-------
Melee: Hand axe          |    76 |    57 ||   133
Invok: Depart the Abyss  |     1 |       ||     1
  Eat: Chunk             |    14 |     5 ||    19
Armor: Leather armour    |    15 |     7 ||    22
Dodge: Dodged            |    45 |    33 ||    78

Table legend:
 A = Non-vault XP
 B = Vault XP
 C = Vault XP percentage of total XP
 D = Non-vault monster count
 E = Vault monster count
 F = Vault count percentage of total count
                 A         B        C        D         E       F
            +---------+---------+-------+---------+---------+-------
      Total |      63 |      61 |  49.2 |      35 |      12 |  25.5
            +---------+---------+-------+---------+---------+-------
        D:1 |      31 |       0 |   0.0 |      17 |       0 |   0.0
        D:2 |      32 |      61 |  65.6 |      18 |      12 |  40.0
            +---------+---------+-------+---------+---------+-------
